Rangers vs Hurricanes

Created - September-09-13 at 18:06

Simulating a Pre-Season

Goals
1 2 3 T
Rangers 3 0 2 5
Hurricanes 2 1 1 4
Shots
1 2 3 T
Rangers 9 5 7 21
Hurricanes 15 16 12 43

1st period

1. Hurricanes , Eric Staal 1 (Steve Oleksy) at 9:35
2. Rangers , Radim Vrbata 1 (Brandon Dubinsky, Derek Morris) at 12:29
3. Rangers , Troy Brouwer 1 (Derek Morris, Frans Nielsen) at 15:16 (PP)
4. Rangers , Radim Vrbata 2 (Brandon Dubinsky, Derek Morris) at 17:12
5. Hurricanes , Joffrey Lupul 1 (Eric Staal) at 18:14

Penalties :
Stephane Robidas (NYR) for Slashing (Minor) at 0:22, Alex Goligoski (NYR) for Interference (Minor) at 3:59, Derek Morris (NYR) for Tripping (Minor) at 12:49, Brian Boyle (CAR) for Holding (Minor) at 14:00, Chris Kunitz (NYR) for High sticking (Minor) at 19:52

2nd period

6. Hurricanes , Steve Oleksy 1 (Dany Heatley, Brian Boyle) at 2:31 (PP)

Penalties :
Rob Scuderi (NYR) for Hooking (Minor) at 1:59, Alex Goligoski (NYR) for Roughing (Minor) at 3:01, Mike Weber (CAR) for Roughing (Minor) at 6:53, Stephane Robidas (NYR) for Hooking (Minor) at 6:53, Brandon Dubinsky (NYR) for Hooking (Minor) at 10:25, Brian Boyle (CAR) for Hooking (Minor) at 14:00, Stephane Robidas (NYR) for Hooking (Minor) at 17:43

3rd period

7. Rangers , Troy Brouwer 2 (Ilya Kovalchuk, Frans Nielsen) at 12:19
8. Hurricanes , Patrik Elias 1 (Steve Oleksy, Eric Staal) at 12:55
9. Rangers , Vinny Prospal 1 (Derek Morris, Matt Read) at 17:59 (PP)

Penalties :
Brandon Dubinsky (NYR) for Slashing (Minor) at 1:58, Brian Boyle (CAR) for Hooking (Minor) at 2:40, Brandon Dubinsky (NYR) for Roughing (Double Minor) at 6:06, Brandon Dubinsky (NYR) for Holding (Minor) at 14:42, Maxim Lapierre (CAR) for Hooking (Minor) at 16:48, Ryan Wilson (CAR) for Roughing (Minor) at 18:28

Goalie Stats

Tomas Vokoun (NYR), 39 saves from 43 shots - (0.907), W, 1-1-0, 60:00 minutes
Mike Smith (CAR), 16 saves from 21 shots - (0.762), L, 1-1-0, 60:00 minutes

Players Stats for Rangers

Player Name              G  A  P  +/- PIM S  H  SB GA TA FO     MP     PP MP  PK MP  
------------------------------------------------------------------------------------
Alex Goligoski           0  0  0  -1  4   0  1  0  0  0  0/0    14:07   3:15   0:00 
Benoit Pouliot           0  0  0   0  0   0  0  0  0  0  0/0     3:04   0:00   0:00 
Brandon Dubinsky         0  2  2   0  10  1  3  0  0  0  12/20  15:40   2:54   0:00 
Chris Kunitz             0  0  0   0  2   2  0  1  0  0  2/3    16:33   2:54   0:00 
Craig Adams              0  0  0   0  0   0  0  0  0  0  8/14   10:40   0:00   8:03 
Dan Girardi              0  0  0   2  0   0  0  1  0  0  0/0    21:02   0:35   9:47 
David Legwand            0  0  0   0  0   1  0  0  0  0  4/7     8:35   0:00   0:33 
Derek Morris             0  4  4   2  2   1  0  2  0  0  0/0    21:45   2:36   9:52 
Francois Beauchemin      0  0  0  -1  0   2  1  2  0  0  0/0    27:10   3:15   9:28 
Frans Nielsen            0  2  2   0  0   1  0  0  0  0  17/36  23:07   2:31  11:41 
Ilya Kovalchuk           0  1  1   0  0   0  0  0  0  0  2/2    12:53   2:57   0:00 
Matt Read                0  1  1   0  0   0  0  0  0  0  0/0    11:06   0:26   8:03 
Radim Vrbata             2  0  2   0  0   3  0  0  0  0  0/2    14:59   2:54   0:00 
Rob Scuderi              0  0  0  -1  2   1  0  1  0  0  0/0    12:23   0:00   3:15 
Stephane Robidas         0  0  0  -1  6   1  3  1  0  0  0/0    23:26   2:01   8:12 
Troy Brouwer             2  0  2   0  0   4  2  0  0  0  0/0    23:07   2:31  11:41 
Ville Leino              0  0  0   0  0   1  0  0  0  0  0/1     7:12   0:00   0:00 
Vinny Prospal            1  0  1   0  0   3  1  0  0  0  1/1     8:38   0:26   0:33 

Players Stats for Hurricanes

Player Name              G  A  P  +/- PIM S  H  SB GA TA FO     MP     PP MP  PK MP  
------------------------------------------------------------------------------------
Anton Volchenkov         0  0  0   0  0   0  2  1  0  0  0/0    14:19   0:00   0:00 
Brian Boyle              0  1  1  -1  6   3  6  0  0  0  12/31  19:26   8:33   0:00 
Cal Clutterbuck          0  0  0  -1  0   2  0  0  0  0  0/1     4:44   0:28   0:00 
Daniel Winnik            0  0  0  -1  0   3  2  0  0  0  2/3    20:40   8:35   1:11 
Dany Heatley             0  1  1  -1  0   2  0  0  0  0  1/2    22:05   8:35   0:53 
Duncan Keith             0  0  0  -1  0   6  0  2  0  0  0/0    26:14  10:28   2:54 
Eric Staal               1  2  3   2  0   3  0  0  0  0  20/35  25:04  11:14   3:00 
Filip Kuba               0  0  0   1  0   2  0  1  0  0  0/0    20:53   9:49   2:57 
Joffrey Lupul            1  0  1   2  0   9  4  0  0  0  1/3    21:24  11:14   1:16 
Lennart Petrell          0  0  0   0  0   0  0  0  0  0  0/0     8:19   0:28   1:03 
Marty Reasoner           0  0  0  -1  0   0  0  0  0  0  2/6     5:43   0:28   0:59 
Maxim Lapierre           0  0  0   0  2   0  1  0  0  0  1/4     6:47   0:00   0:00 
Mike Weber               0  0  0  -1  2   2  3  0  0  0  0/0    24:47  10:28   2:54 
Patrik Elias             1  0  1   2  0   2  0  0  0  0  0/0    24:45  11:14   3:20 
Rene Bourque             0  0  0   0  0   1  0  0  0  0  1/1     6:48   0:00   0:00 
Rich Clune               0  0  0  -1  0   0  0  0  0  0  0/0     4:16   0:00   0:00 
Ryan Wilson              0  0  0   0  2   1  1  1  0  0  0/0    13:04   0:00   0:00 
Steve Oleksy             1  2  3   1  0   7  4  0  0  0  0/0    20:41   9:49   2:57 

3 Stars

1 - Steve Oleksy (CAR)
2 - Eric Staal (CAR)
3 - Troy Brouwer (NYR)

Power Play

Rangers - 2 on 5 Attempt(s) - 40.00%
Hurricanes - 1 on 12 Attempt(s) - 8.33%

Penalty Kill

Rangers - 11 on 12 Attempt(s) - 91.67% - Score 0 goal in Penalty Kill
Hurricanes - 3 on 5 Attempt(s) - 60.00% - Score 0 goal in Penalty Kill

Official

Referees : Kyle Rehman and Darcy Burchell
Linesman : Brian Murphy and Greg Devorski

Game Notes

No Game Note

% Time on Ice - Rangers

Lines # - Real PCT - Wanted PCT - Time Play
Normal Forward
1 - 37% - 40% - 11:04
2 - 30% - 30% - 8:55
3 - 24% - 20% - 7:12
4 - 9% - 10% - 2:37
Normal Defense
1 - 43% - 40% - 12:41
2 - 27% - 30% - 7:58
3 - 31% - 20% - 9:09
4 - 0% - 10% - 0:00
PP Forward
1 - 50% - 60% - 2:54
2 - 50% - 40% - 2:57
PP Defense
1 - 56% - 60% - 3:15
2 - 44% - 40% - 2:36
PK Forward
1 - 60% - 60% - 12:14
2 - 40% - 40% - 8:03
PK Defense
1 - 48% - 60% - 9:47
2 - 52% - 40% - 10:30
PK3 Forward
1 - 0% - 60%
2 - 0% - 40%
PK3 Defense
1 - 0% - 60%
2 - 0% - 40%
44 Forward
1 - 75% - 60% - 3:03
2 - 25% - 40% - 1:01
44 Defense
1 - 64% - 60% - 2:36
2 - 36% - 40% - 1:28
Last Minute Offensive  - 0:00
Last Minute Defensive  - 0:00
Total
Forward - 60:00
Defense - 60:00

% Time on Ice - Hurricanes

Lines # - Real PCT - Wanted PCT - Time Play
Normal Forward
1 - 26% - 40% - 7:50
2 - 37% - 35% - 10:54
3 - 23% - 15% - 6:48
4 - 14% - 10% - 4:16
Normal Defense
1 - 32% - 40% - 9:40
2 - 44% - 30% - 13:05
3 - 23% - 20% - 6:51
4 - 1% - 10% - 0:12
PP Forward
1 - 58% - 60% - 11:42
2 - 42% - 40% - 8:35
PP Defense
1 - 52% - 60% - 10:28
2 - 48% - 40% - 9:49
PK Forward
1 - 85% - 60% - 4:58
2 - 15% - 40% - 0:53
PK Defense
1 - 50% - 60% - 2:54
2 - 50% - 40% - 2:57
PK3 Forward
1 - 0% - 60%
2 - 0% - 40%
PK3 Defense
1 - 0% - 60%
2 - 0% - 40%
44 Forward
1 - 50% - 50% - 2:02
2 - 50% - 50% - 2:02
44 Defense
1 - 74% - 60% - 3:00
2 - 26% - 40% - 1:04
Last Minute Offensive  - 0:00
Last Minute Defensive  - 0:00
Total
Forward - 60:00
Defense - 60:00

Play by Play

1st period


0:01 of 1st period - Brandon Dubinsky wins face-off versus Eric Staal in neutral zone.
0:19 of 1st period - Shot by Joffrey Lupul.
0:19 of 1st period - Stopped by Tomas Vokoun with a rebound.
0:22 of 1st period - Minor Penalty to Stephane Robidas for Slashing.
0:23 of 1st period - Frans Nielsen wins face-off versus Brian Boyle in Rangers zone.
0:23 of 1st period - Frans Nielsen is hit by Brian Boyle.
0:30 of 1st period - Icing by Brian Boyle.
0:31 of 1st period - Frans Nielsen wins face-off versus Brian Boyle in Hurricanes zone.
0:36 of 1st period - Shot by Frans Nielsen.
0:36 of 1st period - Stopped by Mike Smith without a rebound.
0:37 of 1st period - Craig Adams wins face-off versus Eric Staal in Hurricanes zone.
2:31 of 1st period - Shot by Rene Bourque.
2:31 of 1st period - Shot Blocked by Stephane Robidas.
2:41 of 1st period - Shot by Rene Bourque.
2:41 of 1st period - Stopped by Tomas Vokoun without a rebound.
2:42 of 1st period - Vinny Prospal wins face-off versus Marty Reasoner in Rangers zone.
3:04 of 1st period - Icing by Rich Clune.
3:05 of 1st period - Brandon Dubinsky wins face-off versus Marty Reasoner in Hurricanes zone.
3:22 of 1st period - Shot by Cal Clutterbuck.
3:22 of 1st period - Stopped by Tomas Vokoun with a rebound.
3:47 of 1st period - Daniel Winnik is hit by Alex Goligoski and loses puck.
3:59 of 1st period - Minor Penalty to Alex Goligoski for Interference.
4:00 of 1st period - Eric Staal wins face-off versus Frans Nielsen in Rangers zone.
4:01 of 1st period - Shot by Steve Oleksy.
4:01 of 1st period - Stopped by Tomas Vokoun with a rebound.
4:03 of 1st period - Shot by Eric Staal.
4:03 of 1st period - Shot Misses the Net.
4:15 of 1st period - Shot by Eric Staal.
4:15 of 1st period - Shot Misses the Net.
4:17 of 1st period - Shot by Filip Kuba.
4:17 of 1st period - Stopped by Tomas Vokoun without a rebound.
4:18 of 1st period - Craig Adams wins face-off versus Daniel Winnik in Rangers zone.
4:36 of 1st period - Derek Morris is hit by Brian Boyle and loses puck.
5:25 of 1st period - Stephane Robidas is hit by Joffrey Lupul and loses puck.
5:32 of 1st period - Shot by Joffrey Lupul.
5:32 of 1st period - Stopped by Tomas Vokoun with a rebound.
7:11 of 1st period - Icing by David Legwand.
7:12 of 1st period - Eric Staal wins face-off versus David Legwand in Rangers zone.
7:23 of 1st period - Shot by Patrik Elias.
7:23 of 1st period - Shot Blocked by Rob Scuderi.
7:25 of 1st period - Shot by Eric Staal.
7:25 of 1st period - Stopped by Tomas Vokoun without a rebound.
7:26 of 1st period - Ilya Kovalchuk wins face-off versus Brian Boyle in Rangers zone.
7:35 of 1st period - Shot by Ilya Kovalchuk.
7:35 of 1st period - Shot Misses the Net.
7:37 of 1st period - Shot by Francois Beauchemin.
7:37 of 1st period - Stopped by Mike Smith without a rebound.
7:38 of 1st period - Eric Staal wins face-off versus Brandon Dubinsky in Hurricanes zone.
7:38 of 1st period - Patrik Elias is hit by Brandon Dubinsky and loses puck.
7:43 of 1st period - Shot by Chris Kunitz.
7:43 of 1st period - Shot Misses the Net.
8:09 of 1st period - Shot by Joffrey Lupul.
8:09 of 1st period - Stopped by Tomas Vokoun without a rebound.
8:10 of 1st period - Frans Nielsen wins face-off versus Brian Boyle in Rangers zone.
8:10 of 1st period - Ilya Kovalchuk is hit by Brian Boyle and loses puck.
8:50 of 1st period - Icing by Stephane Robidas.
8:51 of 1st period - Frans Nielsen wins face-off versus Eric Staal in Rangers zone.
9:04 of 1st period - Frans Nielsen is hit by Joffrey Lupul and loses puck.
9:15 of 1st period - Shot by Joffrey Lupul.
9:15 of 1st period - Shot Misses the Net.
9:33 of 1st period - Shot by Eric Staal.
9:33 of 1st period - Shot Misses the Net.
9:35 of 1st period - Shot by Eric Staal.
9:35 of 1st period - Goal by Eric Staal - Rangers : 0 - Hurricanes : 1.
9:36 of 1st period - Brandon Dubinsky wins face-off versus Brian Boyle in neutral zone.
9:46 of 1st period - Icing by Daniel Winnik.
9:47 of 1st period - Brian Boyle wins face-off versus Craig Adams in Hurricanes zone.
9:56 of 1st period - Shot by Dany Heatley.
9:56 of 1st period - Stopped by Tomas Vokoun without a rebound.
9:57 of 1st period - Brandon Dubinsky wins face-off versus Maxim Lapierre in Rangers zone.
9:57 of 1st period - Chris Kunitz is hit by Maxim Lapierre and loses puck.
10:40 of 1st period - Radim Vrbata is hit by Ryan Wilson and loses puck.
11:01 of 1st period - Icing by Ryan Wilson.
11:02 of 1st period - Maxim Lapierre wins face-off versus Frans Nielsen in Hurricanes zone.
11:02 of 1st period - Maxim Lapierre is hit by Troy Brouwer.
11:28 of 1st period - Shot by Eric Staal.
11:28 of 1st period - Shot Hit the Post.
11:30 of 1st period - Shot by Patrik Elias.
11:30 of 1st period - Shot Misses the Net.
11:37 of 1st period - Joffrey Lupul is hit by Francois Beauchemin and loses puck.
11:42 of 1st period - Shot by Eric Staal.
11:42 of 1st period - Shot Misses the Net.
12:29 of 1st period - Shot by Radim Vrbata.
12:29 of 1st period - Goal by Radim Vrbata - Rangers : 1 - Hurricanes : 1.
12:30 of 1st period - Marty Reasoner wins face-off versus Brandon Dubinsky in neutral zone.
12:49 of 1st period - Shot by Cal Clutterbuck.
12:49 of 1st period - Stopped by Tomas Vokoun without a rebound.
12:49 of 1st period - Minor Penalty to Derek Morris for Tripping.
12:50 of 1st period - Brian Boyle wins face-off versus Craig Adams in Rangers zone.
12:57 of 1st period - Shot by Duncan Keith.
12:57 of 1st period - Stopped by Tomas Vokoun without a rebound.
12:58 of 1st period - Eric Staal wins face-off versus Frans Nielsen in Rangers zone.
13:33 of 1st period - Shot by Joffrey Lupul.
13:33 of 1st period - Shot Misses the Net.
13:35 of 1st period - Shot by Mike Weber.
13:35 of 1st period - Deflect By Patrik Elias.
13:35 of 1st period - Stopped by Tomas Vokoun without a rebound.
13:36 of 1st period - Craig Adams wins face-off versus Brian Boyle in Rangers zone.
14:00 of 1st period - Minor Penalty to Brian Boyle for Holding.
14:01 of 1st period - Eric Staal wins face-off versus Chris Kunitz in Hurricanes zone.
14:18 of 1st period - Shot by Brandon Dubinsky.
14:18 of 1st period - Shot Misses the Net.
14:20 of 1st period - Shot by Francois Beauchemin.
14:20 of 1st period - Stopped by Mike Smith with a rebound.
14:50 of 1st period - Off-side.
14:51 of 1st period - Frans Nielsen wins face-off versus Eric Staal in neutral zone.
15:05 of 1st period - Troy Brouwer is hit by Steve Oleksy and loses puck.
15:14 of 1st period - Shot by Derek Morris.
15:14 of 1st period - Shot Misses the Net.
15:16 of 1st period - Shot by Troy Brouwer.
15:16 of 1st period - Goal by Troy Brouwer - Rangers : 2 - Hurricanes : 1.
15:17 of 1st period - David Legwand wins face-off versus Brian Boyle in neutral zone.
15:17 of 1st period - Rob Scuderi is hit by Daniel Winnik and loses puck.
15:32 of 1st period - Shot by David Legwand.
15:32 of 1st period - Shot Hit the Post.
15:34 of 1st period - Shot by Rob Scuderi.
15:34 of 1st period - Stopped by Mike Smith without a rebound.
15:35 of 1st period - Rene Bourque wins face-off versus Brandon Dubinsky in Hurricanes zone.
15:39 of 1st period - Duncan Keith is hit by Brandon Dubinsky and loses puck.
15:46 of 1st period - Shot by Radim Vrbata.
15:46 of 1st period - Stopped by Mike Smith without a rebound.
15:47 of 1st period - Frans Nielsen wins face-off versus Brian Boyle in Hurricanes zone.
15:47 of 1st period - Ilya Kovalchuk is hit by Mike Weber and loses puck.
16:43 of 1st period - Daniel Winnik is hit by Brandon Dubinsky and loses puck.
17:12 of 1st period - Shot by Radim Vrbata.
17:12 of 1st period - Goal by Radim Vrbata - Rangers : 3 - Hurricanes : 1.
17:13 of 1st period - David Legwand wins face-off versus Cal Clutterbuck in neutral zone.
17:56 of 1st period - Shot by Ville Leino.
17:56 of 1st period - Stopped by Mike Smith without a rebound.
17:57 of 1st period - Brandon Dubinsky wins face-off versus Eric Staal in Hurricanes zone.
17:59 of 1st period - Radim Vrbata is hit by Steve Oleksy and loses puck.
18:14 of 1st period - Shot by Eric Staal.
18:14 of 1st period - Deflect By Joffrey Lupul.
18:14 of 1st period - Goal by Joffrey Lupul - Rangers : 3 - Hurricanes : 2.
18:15 of 1st period - Brian Boyle wins face-off versus Frans Nielsen in neutral zone.
18:28 of 1st period - Shot by Dany Heatley.
18:28 of 1st period - Deflect By Daniel Winnik.
18:28 of 1st period - Shot Misses the Net.
18:30 of 1st period - Shot by Brian Boyle.
18:30 of 1st period - Shot Misses the Net.
18:36 of 1st period - Shot by Daniel Winnik.
18:36 of 1st period - Shot Blocked by Derek Morris.
18:38 of 1st period - Shot by Dany Heatley.
18:38 of 1st period - Deflect By Daniel Winnik.
18:38 of 1st period - Stopped by Tomas Vokoun without a rebound.
18:39 of 1st period - Brandon Dubinsky wins face-off versus Eric Staal in Rangers zone.
18:39 of 1st period - Brandon Dubinsky is hit by Steve Oleksy.
19:10 of 1st period - Shot by Eric Staal.
19:10 of 1st period - Deflect By Patrik Elias.
19:10 of 1st period - Shot Blocked by Chris Kunitz.
19:12 of 1st period - Shot by Eric Staal.
19:12 of 1st period - Shot Misses the Net.
19:26 of 1st period - Icing by Francois Beauchemin.
19:27 of 1st period - Brandon Dubinsky wins face-off versus Brian Boyle in Rangers zone.
19:29 of 1st period - Icing by Chris Kunitz.
19:30 of 1st period - Brandon Dubinsky wins face-off versus Dany Heatley in Rangers zone.
19:32 of 1st period - Icing by Stephane Robidas.
19:33 of 1st period - Brandon Dubinsky wins face-off versus Brian Boyle in Rangers zone.
19:46 of 1st period - Dany Heatley is hit by Stephane Robidas and loses puck.
19:52 of 1st period - Minor Penalty to Chris Kunitz for High sticking.
19:53 of 1st period - Eric Staal wins face-off versus Frans Nielsen in Rangers zone.

2nd period


0:01 of 2nd period - Eric Staal wins face-off versus Frans Nielsen in neutral zone.
0:24 of 2nd period - Shot by Frans Nielsen.
0:24 of 2nd period - Shot Misses the Net.
0:42 of 2nd period - Shot by Joffrey Lupul.
0:42 of 2nd period - Shot Misses the Net.
0:51 of 2nd period - Icing by Duncan Keith.
0:52 of 2nd period - Craig Adams wins face-off versus Eric Staal in Hurricanes zone.
0:52 of 2nd period - Francois Beauchemin is hit by Mike Weber.
1:12 of 2nd period - Shot by Steve Oleksy.
1:12 of 2nd period - Shot Misses the Net.
1:14 of 2nd period - Shot by Steve Oleksy.
1:14 of 2nd period - Stopped by Tomas Vokoun without a rebound.
1:15 of 2nd period - Brian Boyle wins face-off versus Frans Nielsen in Rangers zone.
1:16 of 2nd period - Shot by Steve Oleksy.
1:16 of 2nd period - Shot Misses the Net.
1:18 of 2nd period - Shot by Daniel Winnik.
1:18 of 2nd period - Stopped by Tomas Vokoun without a rebound.
1:19 of 2nd period - Brian Boyle wins face-off versus Frans Nielsen in Rangers zone.
1:59 of 2nd period - Minor Penalty to Rob Scuderi for Hooking.
2:00 of 2nd period - Eric Staal wins face-off versus Frans Nielsen in Rangers zone.
2:15 of 2nd period - Shot by Joffrey Lupul.
2:15 of 2nd period - Stopped by Tomas Vokoun without a rebound.
2:16 of 2nd period - Brian Boyle wins face-off versus Craig Adams in Rangers zone.
2:31 of 2nd period - Shot by Steve Oleksy.
2:31 of 2nd period - Goal by Steve Oleksy - Rangers : 3 - Hurricanes : 3.
2:32 of 2nd period - Eric Staal wins face-off versus Radim Vrbata in neutral zone.
2:48 of 2nd period - Radim Vrbata is hit by Mike Weber and loses puck.
3:01 of 2nd period - Minor Penalty to Alex Goligoski for Roughing.
3:02 of 2nd period - Frans Nielsen wins face-off versus Brian Boyle in Rangers zone.
3:02 of 2nd period - Francois Beauchemin is hit by Daniel Winnik and loses puck.
3:23 of 2nd period - Shot by Steve Oleksy.
3:23 of 2nd period - Stopped by Tomas Vokoun with a rebound.
3:25 of 2nd period - Shot by Filip Kuba.
3:25 of 2nd period - Shot Misses the Net.
3:27 of 2nd period - Shot by Steve Oleksy.
3:27 of 2nd period - Stopped by Tomas Vokoun without a rebound.
3:28 of 2nd period - Eric Staal wins face-off versus Frans Nielsen in Rangers zone.
3:51 of 2nd period - Shot by Duncan Keith.
3:51 of 2nd period - Shot Misses the Net.
3:59 of 2nd period - Shot by Joffrey Lupul.
3:59 of 2nd period - Shot Misses the Net.
4:35 of 2nd period - Shot by Daniel Winnik.
4:35 of 2nd period - Shot Misses the Net.
4:37 of 2nd period - Shot by Dany Heatley.
4:37 of 2nd period - Shot Misses the Net.
4:39 of 2nd period - Shot by Steve Oleksy.
4:39 of 2nd period - Shot Blocked by Derek Morris.
4:41 of 2nd period - Shot by Brian Boyle.
4:41 of 2nd period - Stopped by Tomas Vokoun without a rebound.
4:42 of 2nd period - Frans Nielsen wins face-off versus Brian Boyle in Rangers zone.
5:03 of 2nd period - Shot by Ryan Wilson.
5:03 of 2nd period - Stopped by Tomas Vokoun with a rebound.
6:08 of 2nd period - Shot by Vinny Prospal.
6:08 of 2nd period - Shot Misses the Net.
6:16 of 2nd period - Shot by Vinny Prospal.
6:16 of 2nd period - Stopped by Mike Smith without a rebound.
6:17 of 2nd period - Frans Nielsen wins face-off versus Brian Boyle in Hurricanes zone.
6:36 of 2nd period - Shot by Troy Brouwer.
6:36 of 2nd period - Stopped by Mike Smith without a rebound.
6:37 of 2nd period - Craig Adams wins face-off versus Eric Staal in Hurricanes zone.
6:51 of 2nd period - Joffrey Lupul is hit by Stephane Robidas and loses puck.
6:53 of 2nd period - Minor Penalty to Mike Weber for Roughing.
6:53 of 2nd period - Minor Penalty to Stephane Robidas for Hooking.
6:54 of 2nd period - Chris Kunitz wins face-off versus Joffrey Lupul in Rangers zone.
7:06 of 2nd period - Dan Girardi is hit by Joffrey Lupul and loses puck.
7:19 of 2nd period - Shot by Joffrey Lupul.
7:19 of 2nd period - Deflect By Dany Heatley.
7:19 of 2nd period - Shot Blocked by Francois Beauchemin.
7:49 of 2nd period - Icing by Duncan Keith.
7:50 of 2nd period - Eric Staal wins face-off versus Radim Vrbata in Hurricanes zone.
8:35 of 2nd period - Shot by Radim Vrbata.
8:35 of 2nd period - Shot Blocked by Duncan Keith.
8:52 of 2nd period - Off-side.
8:53 of 2nd period - Brian Boyle wins face-off versus Ville Leino in neutral zone.
9:16 of 2nd period - Shot by Daniel Winnik.
9:16 of 2nd period - Shot Misses the Net.
9:18 of 2nd period - Shot by Brian Boyle.
9:18 of 2nd period - Stopped by Tomas Vokoun without a rebound.
9:19 of 2nd period - Craig Adams wins face-off versus Maxim Lapierre in Rangers zone.
10:12 of 2nd period - Icing by Steve Oleksy.
10:13 of 2nd period - Brandon Dubinsky wins face-off versus Brian Boyle in Hurricanes zone.
10:13 of 2nd period - Brandon Dubinsky is hit by Steve Oleksy.
10:25 of 2nd period - Minor Penalty to Brandon Dubinsky for Hooking.
10:26 of 2nd period - Frans Nielsen wins face-off versus Eric Staal in Rangers zone.
10:45 of 2nd period - Shot by Troy Brouwer.
10:45 of 2nd period - Stopped by Mike Smith without a rebound.
10:46 of 2nd period - Brian Boyle wins face-off versus Frans Nielsen in Hurricanes zone.
12:05 of 2nd period - Shot by Joffrey Lupul.
12:05 of 2nd period - Stopped by Tomas Vokoun without a rebound.
12:06 of 2nd period - Brian Boyle wins face-off versus Frans Nielsen in Rangers zone.
12:11 of 2nd period - Shot by Duncan Keith.
12:11 of 2nd period - Stopped by Tomas Vokoun with a rebound.
12:13 of 2nd period - Shot by Mike Weber.
12:13 of 2nd period - Shot Misses the Net.
12:15 of 2nd period - Shot by Brian Boyle.
12:15 of 2nd period - Stopped by Tomas Vokoun with a rebound.
12:53 of 2nd period - Shot by Brandon Dubinsky.
12:53 of 2nd period - Stopped by Mike Smith without a rebound.
12:54 of 2nd period - Eric Staal wins face-off versus David Legwand in Hurricanes zone.
13:11 of 2nd period - Shot by Eric Staal.
13:11 of 2nd period - Stopped by Tomas Vokoun without a rebound.
13:12 of 2nd period - Brian Boyle wins face-off versus Craig Adams in Rangers zone.
13:15 of 2nd period - Shot by Dany Heatley.
13:15 of 2nd period - Shot Hit the Post.
13:47 of 2nd period - Shot by Daniel Winnik.
13:47 of 2nd period - Shot Misses the Net.
13:51 of 2nd period - Shot by Dany Heatley.
13:51 of 2nd period - Stopped by Tomas Vokoun with a rebound.
14:00 of 2nd period - Minor Penalty to Brian Boyle for Hooking.
14:01 of 2nd period - Eric Staal wins face-off versus Brandon Dubinsky in Hurricanes zone.
15:21 of 2nd period - Shot by Stephane Robidas.
15:21 of 2nd period - Stopped by Mike Smith without a rebound.
15:22 of 2nd period - Ilya Kovalchuk wins face-off versus Eric Staal in Hurricanes zone.
16:08 of 2nd period - Anton Volchenkov is hit by Vinny Prospal and loses puck.
17:14 of 2nd period - Icing by Stephane Robidas.
17:15 of 2nd period - Brandon Dubinsky wins face-off versus Eric Staal in Rangers zone.
17:37 of 2nd period - Patrik Elias is hit by Stephane Robidas and loses puck.
17:43 of 2nd period - Minor Penalty to Stephane Robidas for Hooking.
17:44 of 2nd period - Brian Boyle wins face-off versus Frans Nielsen in Rangers zone.
17:45 of 2nd period - Shot by Mike Weber.
17:45 of 2nd period - Shot Misses the Net.
17:47 of 2nd period - Shot by Duncan Keith.
17:47 of 2nd period - Stopped by Tomas Vokoun with a rebound.
17:51 of 2nd period - Shot by Daniel Winnik.
17:51 of 2nd period - Shot Blocked by Francois Beauchemin.
17:53 of 2nd period - Shot by Mike Weber.
17:53 of 2nd period - Stopped by Tomas Vokoun without a rebound.
17:54 of 2nd period - Frans Nielsen wins face-off versus Brian Boyle in Rangers zone.
18:20 of 2nd period - Off-side.
18:21 of 2nd period - Frans Nielsen wins face-off versus Eric Staal in neutral zone.

3rd period


0:01 of 3rd period - Eric Staal wins face-off versus Frans Nielsen in neutral zone.
0:06 of 3rd period - Shot by Joffrey Lupul.
0:06 of 3rd period - Stopped by Tomas Vokoun without a rebound.
0:07 of 3rd period - Frans Nielsen wins face-off versus Joffrey Lupul in Rangers zone.
0:28 of 3rd period - Shot by Eric Staal.
0:28 of 3rd period - Deflect By Joffrey Lupul.
0:28 of 3rd period - Stopped by Tomas Vokoun with a rebound.
0:46 of 3rd period - Shot by Joffrey Lupul.
0:46 of 3rd period - Stopped by Tomas Vokoun with a rebound.
0:48 of 3rd period - Shot by Mike Weber.
0:48 of 3rd period - Stopped by Tomas Vokoun with a rebound.
1:23 of 3rd period - Shot by Dany Heatley.
1:23 of 3rd period - Shot Misses the Net.
1:25 of 3rd period - Shot by Daniel Winnik.
1:25 of 3rd period - Shot Misses the Net.
1:27 of 3rd period - Shot by Brian Boyle.
1:27 of 3rd period - Deflect By Daniel Winnik.
1:27 of 3rd period - Shot Misses the Net.
1:58 of 3rd period - Minor Penalty to Brandon Dubinsky for Slashing.
1:59 of 3rd period - Craig Adams wins face-off versus Eric Staal in Rangers zone.
2:12 of 3rd period - Rob Scuderi is hit by Joffrey Lupul and loses puck.
2:40 of 3rd period - Minor Penalty to Brian Boyle for Hooking.
2:41 of 3rd period - Chris Kunitz wins face-off versus Eric Staal in Hurricanes zone.
3:50 of 3rd period - Shot by Vinny Prospal.
3:50 of 3rd period - Stopped by Mike Smith with a rebound.
4:53 of 3rd period - Icing by Anton Volchenkov.
4:54 of 3rd period - David Legwand wins face-off versus Maxim Lapierre in Hurricanes zone.
4:57 of 3rd period - Shot by Vinny Prospal.
4:57 of 3rd period - Shot Blocked by Ryan Wilson.
4:59 of 3rd period - Shot by David Legwand.
4:59 of 3rd period - Stopped by Mike Smith without a rebound.
5:00 of 3rd period - Frans Nielsen wins face-off versus Marty Reasoner in Hurricanes zone.
5:06 of 3rd period - Icing by Anton Volchenkov.
5:07 of 3rd period - Frans Nielsen wins face-off versus Marty Reasoner in Hurricanes zone.
5:13 of 3rd period - Off-side.
5:14 of 3rd period - Dany Heatley wins face-off versus Frans Nielsen in neutral zone.
6:00 of 3rd period - Icing by Anton Volchenkov.
6:01 of 3rd period - Brandon Dubinsky wins face-off versus Brian Boyle in Hurricanes zone.
6:05 of 3rd period - Icing by Brian Boyle.
6:06 of 3rd period - Brian Boyle wins face-off versus Brandon Dubinsky in Hurricanes zone.
6:06 of 3rd period - Double Minor Penalty to Brandon Dubinsky for Roughing.
6:07 of 3rd period - Eric Staal wins face-off versus Frans Nielsen in Rangers zone.
6:12 of 3rd period - Shot by Joffrey Lupul.
6:12 of 3rd period - Shot Misses the Net.
6:26 of 3rd period - Shot by Duncan Keith.
6:26 of 3rd period - Stopped by Tomas Vokoun without a rebound.
6:27 of 3rd period - Frans Nielsen wins face-off versus Brian Boyle in Rangers zone.
6:27 of 3rd period - Frans Nielsen is hit by Brian Boyle.
6:53 of 3rd period - Shot by Steve Oleksy.
6:53 of 3rd period - Stopped by Tomas Vokoun without a rebound.
6:54 of 3rd period - Eric Staal wins face-off versus Frans Nielsen in Rangers zone.
7:21 of 3rd period - Shot by Dan Girardi.
7:21 of 3rd period - Shot Misses the Net.
8:22 of 3rd period - Shot by Filip Kuba.
8:22 of 3rd period - Stopped by Tomas Vokoun without a rebound.
8:23 of 3rd period - Craig Adams wins face-off versus Brian Boyle in Rangers zone.
8:23 of 3rd period - Craig Adams is hit by Brian Boyle.
9:17 of 3rd period - Shot by Duncan Keith.
9:17 of 3rd period - Stopped by Tomas Vokoun without a rebound.
9:18 of 3rd period - Frans Nielsen wins face-off versus Eric Staal in Rangers zone.
9:33 of 3rd period - Shot by Duncan Keith.
9:33 of 3rd period - Stopped by Tomas Vokoun with a rebound.
10:06 of 3rd period - Shot by Stephane Robidas.
10:06 of 3rd period - Shot Misses the Net.
10:22 of 3rd period - Shot by Chris Kunitz.
10:22 of 3rd period - Stopped by Mike Smith with a rebound.
10:24 of 3rd period - Shot by Radim Vrbata.
10:24 of 3rd period - Shot Blocked by Anton Volchenkov.
10:27 of 3rd period - Brandon Dubinsky is hit by Anton Volchenkov and loses puck.
10:40 of 3rd period - Shot by Chris Kunitz.
10:40 of 3rd period - Stopped by Mike Smith with a rebound.
10:42 of 3rd period - Shot by Rob Scuderi.
10:42 of 3rd period - Shot Misses the Net.
10:44 of 3rd period - Shot by Alex Goligoski.
10:44 of 3rd period - Shot Misses the Net.
10:46 of 3rd period - Shot by Radim Vrbata.
10:46 of 3rd period - Shot Misses the Net.
10:50 of 3rd period - Shot by Brandon Dubinsky.
10:50 of 3rd period - Deflect By Chris Kunitz.
10:50 of 3rd period - Shot Misses the Net.
11:35 of 3rd period - Shot by Dany Heatley.
11:35 of 3rd period - Deflect By Brian Boyle.
11:35 of 3rd period - Shot Blocked by Dan Girardi.
11:37 of 3rd period - Shot by Brian Boyle.
11:37 of 3rd period - Shot Misses the Net.
11:39 of 3rd period - Shot by Daniel Winnik.
11:39 of 3rd period - Stopped by Tomas Vokoun without a rebound.
11:40 of 3rd period - Marty Reasoner wins face-off versus Frans Nielsen in Rangers zone.
12:01 of 3rd period - Shot by Ilya Kovalchuk.
12:01 of 3rd period - Shot Blocked by Duncan Keith.
12:05 of 3rd period - Shot by Troy Brouwer.
12:05 of 3rd period - Deflect By Ilya Kovalchuk.
12:05 of 3rd period - Shot Misses the Net.
12:17 of 3rd period - Shot by Troy Brouwer.
12:17 of 3rd period - Shot Misses the Net.
12:19 of 3rd period - Shot by Troy Brouwer.
12:19 of 3rd period - Goal by Troy Brouwer - Rangers : 4 - Hurricanes : 3.
12:20 of 3rd period - Joffrey Lupul wins face-off versus Brandon Dubinsky in neutral zone.
12:55 of 3rd period - Shot by Patrik Elias.
12:55 of 3rd period - Goal by Patrik Elias - Rangers : 4 - Hurricanes : 4.
12:56 of 3rd period - David Legwand wins face-off versus Brian Boyle in neutral zone.
13:16 of 3rd period - Shot by David Legwand.
13:16 of 3rd period - Shot Hit the Post.
13:18 of 3rd period - Shot by Derek Morris.
13:18 of 3rd period - Shot Misses the Net.
13:36 of 3rd period - Dan Girardi is hit by Brian Boyle and loses puck.
14:15 of 3rd period - Dany Heatley is hit by Troy Brouwer and loses puck.
14:42 of 3rd period - Minor Penalty to Brandon Dubinsky for Holding.
14:43 of 3rd period - Eric Staal wins face-off versus Craig Adams in Rangers zone.
15:49 of 3rd period - Shot by Cal Clutterbuck.
15:49 of 3rd period - Shot Misses the Net.
16:03 of 3rd period - Shot by Steve Oleksy.
16:03 of 3rd period - Stopped by Tomas Vokoun without a rebound.
16:04 of 3rd period - Eric Staal wins face-off versus Craig Adams in Rangers zone.
16:48 of 3rd period - Minor Penalty to Maxim Lapierre for Hooking.
16:49 of 3rd period - Daniel Winnik wins face-off versus Brandon Dubinsky in Hurricanes zone.
17:57 of 3rd period - Shot by Derek Morris.
17:57 of 3rd period - Shot Misses the Net.
17:59 of 3rd period - Shot by Vinny Prospal.
17:59 of 3rd period - Goal by Vinny Prospal - Rangers : 5 - Hurricanes : 4.
18:00 of 3rd period - Daniel Winnik wins face-off versus David Legwand in neutral zone.
18:22 of 3rd period - David Legwand is hit by Anton Volchenkov and loses puck.
18:28 of 3rd period - Minor Penalty to Ryan Wilson for Roughing.
18:29 of 3rd period - Eric Staal wins face-off versus Brandon Dubinsky in Hurricanes zone.
18:51 of 3rd period - Shot by Radim Vrbata.
18:51 of 3rd period - Shot Blocked by Filip Kuba.
18:53 of 3rd period - Shot by Derek Morris.
18:53 of 3rd period - Stopped by Mike Smith without a rebound.
18:54 of 3rd period - Eric Staal wins face-off versus Frans Nielsen in Hurricanes zone.


Output by the SimonT Hockey Simulator (STHS) for Stephane Roy -- Original Page W3C XHTML 1.0 Valid
Hockey Simulator - Hockey Simulation - Hockey Manager